 Dungeon Crawl Stone Soup version 0.28-a0-932-g843f935a50 (webtiles) character file.

Game seed: 12119670662102109771

8 ytrimaz the Skirmisher (level 2, 24/24 HPs)
             Began as a Demonspawn Fighter on Nov 28, 2021.
             Quit the game on level 1 of the Dungeon.
             The game lasted 00:00:38 (413 turns).

ytrimaz the Skirmisher (Demonspawn Fighter)          Turns: 413, Time: 00:00:38

Health: 24/24      AC:  6    Str: 22    XL:     2   Next: 0%
Magic:  2/2        EV:  9    Int:  9    God:
Gold:   37         SH:  4    Dex: 12    Spells: 1/1 levels left

rFire   . . .      SeeInvis .   a - +0 war axe
rCold   . . .      Faith    .   c - +0 buckler
rNeg    . . .      Spirit   .   b - +0 scale mail
rPois   .          Reflect  .   (no helmet)
rElec   .          Harm     .   (no cloak)
rCorr   .          Rampage  .   (no gloves)
Will    .....                   (no boots)
Stlth   ..........              (no amulet)
HPRegen 0.08/turn               e - +6 ring of strength
MPRegen 0.08/turn               (no ring)

@: no status effects
A: demonic magic 1
a: no special abilities


You were on level 1 of the Dungeon.
You visited 1 branch of the dungeon, and saw 1 of its levels.

You collected 37 gold pieces.

Inventory:

Hand Weapons
 a - a +0 war axe (weapon)
Armour
 b - a +0 scale mail (worn)
 c - a +0 buckler (worn)
Jewellery
 e - a +6 ring of strength (left hand)
Potions
 d - a potion of might
 f - a potion of resistance {unknown}


   Skills:
 + Level 3.1 Fighting
 + Level 1.8 Axes
 + Level 2.8 Armour
 * Level 0.4 Dodging
 + Level 2.8 Shields


You had one spell level left.
You didn't know any spells.
Your spell library was empty.

Dungeon Overview and Level Annotations

Branches:
Dungeon (1/15)

Altars:


Innate Abilities, Weirdness & Mutations

Spells you cast may paralyse adjacent enemies.


Message History

The goblin is severely wounded.
You block the goblin's attack. The goblin hits you but does no damage.
You hit the goblin but do no damage.
The goblin is severely wounded.
The goblin hits you but does no damage.
You slash the goblin!
You kill the goblin!
You see here a +0 dagger.
Key pressed, stopping explore.
You open the door.
There is an open door here.
Found a whip.
You see here a +0 whip.
A rat comes into view.
A rat is nearby!
A rat is nearby!
The rat bites you but does no damage.
You barely miss the rat. The rat closely misses you.
You closely miss the rat. The rat barely misses you.
You barely miss the rat.
The rat twitches its whiskers.
The rat misses you. The rat bites you but does no damage.
You closely miss the rat. The rat bites you but does no damage.
You barely miss the rat. You block the rat's attack.
The rat bites you but does no damage.
You hit the rat but do no damage. The rat bites you.
You slash the rat!
You kill the rat!
You have reached level 2!
Your demonic ancestry asserts itself...
A menacing aura infuses your magic.
Found a quarterstaff.
You see here a rat corpse.
You see here a +0 quarterstaff.
You open the door.
A hobgoblin comes into view.
The hobgoblin shouts!
Are you sure you want to abandon this character and quit the game? (Confirm with "yes".)
Okay, then.
Are you sure you want to abandon this character and quit the game? (Confirm with "yes".)

#....##....##..........#
#....##†...#...........####
#....##....# ..####.......#
#....##....# . #.......##
#.#+###...## #.......'. #+#
#....# #.......##
.###....## ##.......#
.........# #.#†.####
.......#@# #.#......
..........'...# #.#..####
......###+#g..# #.#...#
≈≈≈≈≈. ...# #.#.#.## ...≈.
..+ ..#.#..# .#.≈ ..#
###.##.## #P .# #....... .#
#......# #)...#.#


You could see a hobgoblin.

Vanquished Creatures
  2 ball pythons (D:1)
  An endoplasm (D:1)
  2 goblins (D:1)
  3 rats (D:1)
8 creatures vanquished.

Notes
Turn   | Place    | Note
-------+----------+-------------------------------------------
     0 | D:1      | ytrimaz the Demonspawn Fighter began the quest for the Orb.
     0 | D:1      | Reached XP level 1. HP: 18/18 MP: 1/1
   379 | D:1      | Gained mutation: Spells you cast may paralyse adjacent
                  | enemies. [demonic ancestry]
   379 | D:1      | Reached XP level 2. HP: 21/24 MP: 2/2
   413 | D:1      | Quit the game

Illustrated notes

Levels and vault maps discovered:
D:1:      amcnicky_arrival_gap_in_the_tavern_cellar, layout_basic,
          shapermc_ecumenical_altar_acropolis, kennysheep_another_room

Action                   || total
-------------------------++-------
Melee: War axe           ||    28
Armor: Scale mail        ||    11
Dodge: Dodged            ||    17
Block: Buckler           ||     7

Table legend: (Time is in decaauts)
 A = Elapsed time spent in this place.
 B = Non-inter-level travel time spent in this place.
 C = Inter-level travel time spent in this place.
 D = Time resting spent in this place.
 E = Time spent auto-exploring this place.
 F = Levels seen in this place.
 G = Mean time per level.
                   A        B        C        D        E       F      G
               +--------+--------+--------+--------+--------+-----+--------+
         Total |    425 |    425 |      0 |      0 |    346 |   1 |  425.0 |
       Dungeon |    425 |    425 |      0 |      0 |    346 |   1 |  425.0 |
               +--------+--------+--------+--------+--------+-----+--------+

Top non-repeatable levels by time:
     D:1: 425 daAuts
